 Dungeon Crawl Stone Soup version 0.31-a0-354-g827e0957a7 (webtiles) character file.

Game seed: 6464166775714469044

79871 benadryl the Metamorph (level 14, -4/193 HPs)
             Began as a White Draconian Shapeshifter on July 23, 2023.
             Was the Champion of Jiyva.
             Slain by a thrashing horror (5 damage)
             ... on level 4 of the Abyss.
             The game lasted 00:33:33 (15882 turns).

benadryl the Metamorph (DrSh)                      Turns: 15882, Time: 00:33:33

Health: -4/193     AC: 15    Str: 26    XL:     14   Next: 80%
Magic:  23/23      EV: 13    Int:  8    God:    Jiyva [******]
Gold:   672        SH:  0    Dex: 16    Spells: 13/13 levels left

rFire   . .          .
                       - Unarmed
rCold   . . .        i - melded +1 buckler
rNeg    . . .        (body armour unavailable)
rPois   +            (helmet currently unavailable)
rElec   .            (cloak currently unavailable)
rCorr   +            (gloves currently unavailable)
SInv    .            (boots currently unavailable)
Will    ++++.        G - amulet of faith
Stlth   +            r - +4 ring of protection
HPRegen 2.12/turn    O - ring "Joufaizy" {rPois Will+ MP+9}
MPRegen 0.68/turn

%: faith
@: confused, about to teleport, snake-form, ambrosia-drunk
A: constrict, boosted hp, (breathe frost), AC +8, large, unfitting armour, (cold
resistance 1), (cold-blooded), agile 1, strong-willed 2, mutation resistance 1,
robust 3, wild magic 3, (acidic bite), (pseudopods 1), (jelly sensing items),
(engulf)
}: 1/15 runes: slimy
a: Begin Untransformation, Renounce Religion, Oozemancy, Slimify


You were on level 4 of the Abyss.
You worshipped Jiyva.
Jiyva was exalted by your worship.
You were an enormous anaconda.
You visited 3 branches of the dungeon, and saw 23 of its levels.
You visited the Abyss 1 time.
You also visited: Sewer.

You collected 924 gold pieces.
You spent 252 gold pieces at shops.

Inventory:

Hand Weapons
 M - the +4 consecrated labrys {holy, Valiant Fragile Fly SInv}
   (You found it on level 5 of the Pits of Slime)

   Valiant:   It becomes more powerful as more dangerous foes come into view.
   SInv:      It lets you see invisible.
   Fly:       It grants you flight.
   Fragile:   It will be destroyed if unequipped.
Missiles
 d - 4 throwing nets
Armour
 i - a +1 buckler (melded)
 E - a +2 hat
 K - the +3 buckler of Noimyujo {rC+ Regen+ Int-4}
   (You found it on level 4 of the Lair of Beasts)

   Int:       It affects your intelligence (-4).
   rC:        It protects you from cold.
   Regen:     It increases your rate of health regeneration.
Jewellery
 f - a ring of resist corrosion
 h - a +4 ring of protection
 r - a +4 ring of protection (left hand)
 F - a ring of protection from fire
 G - an amulet of faith (around neck)
 I - a +4 ring of protection
 L - the ring of the Neverending Knives {rC+ Will+ Int+2 Dex+6}
   (You found it on level 5 of the Pits of Slime)

   [ring of dexterity]

   Int:       It affects your intelligence (+2).
   Dex:       It affects your dexterity (+6).
   rC:        It protects you from cold.
   Will:      It increases your willpower.
 N - the ring "Igguz" {Wiz Dex+3 Slay+2}
   (You found it on level 5 of the Pits of Slime)

   [ring of wizardry]

   It improves your spell success rate.
   Dex:       It affects your dexterity (+3).
   Slay:      It affects your accuracy & damage with ranged weapons and melee
   (+2).
 O - the ring "Joufaizy" (right hand) {rPois Will+ MP+9}
   (You found it on level 5 of the Pits of Slime)

   [ring of magical power]

   rPois:     It protects you from poison.
   MP:        It affects your magic capacity (+9).
   Will:      It increases your willpower.
Talismans
 b - a beast talisman
 l - a serpent talisman
 q - a maw talisman
Wands
 e - a wand of charming (13)
 k - a wand of digging (6)
 w - a wand of mindburst (7)
 x - a wand of flame (10)
Scrolls
 c - 2 scrolls of immolation
 g - a scroll of enchant armour
 j - 4 scrolls of enchant weapon
 p - a scroll of silence
 y - a scroll of teleportation
 z - a scroll of brand weapon
 C - 2 scrolls of blinking
 D - a scroll of fear
Potions
 a - a potion of magic
 m - a potion of haste
 n - a potion of brilliance
 o - 3 potions of attraction
 t - 2 potions of cancellation
 u - 2 potions of mutation
 v - 2 potions of lignification
 A - 2 potions of enlightenment
 B - 4 potions of ambrosia
 H - a potion of curing {unknown}
 P - 2 potions of might


   Skills:
 - Level 11.4 Fighting
 + Level 7.4 Dodging
 - Level 14.7 Unarmed Combat
 * Level 15.7 Shapeshifting


You had 13 spell levels left.
You didn't know any spells.
Your spell library contained the following spells:

 Spells                   Type           Power      Damage    Failure   Level
 Summon Small Mammal      Summ           0%         N/A       67%         1
 Ensorcelled Hibernation  Hex/Ice        0%         N/A       78%         2
 Passwall                 Tmut/Erth      0%         N/A       78%         2
 Call Canine Familiar     Summ           0%         N/A       93%         3
 Frozen Ramparts          Ice            0%         1d1       93%         3
 Hailstorm                Conj/Ice       0%         3d3       93%         3
 Ignite Poison            Fire/Tmut/Pois 0%         N/A       93%         3
 Portal Projectile        Hex/Tloc       0%         N/A       93%         3
 Stone Arrow              Conj/Erth      0%         3d7       93%         3
 Summon Guardian Golem    Hex/Summ       0%         N/A       93%         3
 Swiftness                Air            0%         N/A       93%         3
 Flame Wave               Conj/Fire      0%         2d4       100%        4
 Leda's Liquefaction      Hex/Erth       0%         N/A       100%        4
 Petrify                  Tmut/Erth      0%         N/A       100%        4
 Sticky Flame             Conj/Fire      0%         2d3       100%        4
 Metabolic Englaciation   Hex/Ice        0%         N/A       100%        5
 Haunt                    Necr/Summ      0%         N/A       100%        7
 Borgnjor's Revivificati  Necr           0%         N/A       100%        8
 Ignition                 Fire           0%         3d3       100%        8
 Lehudib's Crystal Spear  Conj/Erth      0%         10d2      100%        8
 Death's Door             Necr           0%         N/A       100%        9
 Animate Armour           Summ/Erth      Unusable   N/A       N/A         4

Dungeon Overview and Level Annotations

Branches:
Dungeon (13/15)            Temple (0/1) D:6            Lair (5/5) D:10
  Swamp (0/4) Lair:3        Snake (0/4) Lair:2        Slime (5/5) Lair:4
    Orc (0/2) D:10          Sewer (visited)
 Vaults: D:13-14

Altars:
Ashenzari
Cheibriados
Fedhas
Gozag
Hepliaklqana
Kikubaaqudgha
Makhleb
Nemelex Xobeh
Ru
Sif Muna
Uskayaw
Vehumet
Wu Jian
Xom
Jiyva

Shops:
D:2 *   D:8 *   D:11 ?

Annotations:
D:4 3 runed translucent doors, Shayle's ghost, novice GnSh
D:7 5 runed translucent doors
D:8 2 transporters, worthlessgem's ghost, novice BaSh
Lair:4 3 runed translucent doors, bakla's ghost, journeyman DsSh
Slime:5 Royal Jelly


Innate Abilities, Weirdness & Mutations

You are an enormous anaconda.
You have a powerful constriction melee attack.
Your maximum health is increased.
Your armour is entirely melded.
You are incapable of wielding weapons or throwing items.
((You can breathe waves of freezing cold which knock back foes.))
((Your icy white scales are hard. (AC +8)))
You cannot fit into any form of body armour.
((Your flesh is cold resistant. (rC+)))
((You are cold-blooded and may be slowed by cold attacks.))
You are agile. (Dex +4, Str/Int -1)
You are highly strong-willed. (Will++)
You are somewhat resistant to further mutation.
You are extremely robust. (+30% HP)
Your spells are much harder to cast, but much more powerful.
((You have acidic saliva.))
((Armour fits poorly on your pseudopods.))
((You have a small jelly attached to you that senses nearby items.))
((Your melee attacks may engulf your foes in ooze.))


Message History

You hear a roar!
You hear a loud, deep croak!
You feel much better. The hell hog breathes fire at you.
The fireball explodes!
The fireball engulfs you!!
* * * LOW HITPOINT WARNING * * *
The fireball engulfs the hell hog.
The hell hog completely resists.
You hear a loud, deep croak!
The thrashing horror tramples you but does no damage. x2
The thrashing horror attacks as you move away!
The thrashing horror tramples you.
* * * LOW HITPOINT WARNING * * *
The thrashing horror tramples you but does no damage.
The thrashing horror barely misses you.
The thrashing horror tramples you but does no damage.
The hell hog bites you but does no damage.
The hell hog attacks as you move away! The hell hog misses you.
The thrashing horror tramples you.
* * * LOW HITPOINT WARNING * * *
You hold your ground!
The thrashing horror tramples you but does no damage.
The hell hog bites you.
* * * LOW HITPOINT WARNING * * *
A guardian serpent comes into view.
The hell hog breathes fire at you.
The fireball explodes!
The fireball engulfs the hell hog.
The hell hog completely resists.
The fireball engulfs you!!
* * * LOW HITPOINT WARNING * * *
The hell hog barely misses you.
You hear a loud, deep croak!
The guardian serpent shouts!
You hear a roar!
You are confused.
You feel invigorated.
You hear a loud, deep croak!
The thrashing horror tramples you.
* * * LOW HITPOINT WARNING * * *
You hold your ground!
The thrashing horror misses you.
The guardian serpent casts a spell at you.
The hell hog blinks!
The wraith blinks!
The hell hog bites you.
* * * LOW HITPOINT WARNING * * *
The thrashing horror barely misses you. The thrashing horror tramples you.
You die...

########## ......WSh##
......NhX.# # . . #...
.......h.## .. ..
....P.......§.# ..
...#..........#.h##..#
. . ..........#..##
..............S§# .#
.#.#.#.......#....4#.#
#...........#..... ...


You could see 4 hell hogs, an orange demon, a thrashing horror (strong), a
guardian serpent, a naga mage and a wraith.

Vanquished Creatures
  Gastronok (Lair:1)
  5 hydras
  A catoblepas (Lair:4)
  Erica (Lair:1)
  8 boulder beetles
  11 death yaks
  2 thrashing horrors (Abyss:4)
  A skyshark (Lair:4)
  A fire crab (shapeshifter) (D:10)
  A lindwurm (Lair:4)
  A cyclops (D:12)
  2 ugly things
  3 manticores
  5 black mambas
  14 elephants
  3 torpor snails (Lair:4)
  14 cane toads
  4 rime drakes
  7 komodo dragons
  4 kobold demonologists (D:11)
  An unseen horror (D:11)
  A queen bee (D:11)
  3 trolls (D:11)
  8 polar bears
  20 blink frogs
  8 dream sheep
  Sigmund (D:5)
  2 shadows
  8 wyverns
  A ynoxinul (Lair:5)
  A hog (shapeshifter) (Lair:5)
  Eustachio (D:5)
  12 basilisks
  52 yaks
  A naga (Lair:2)
  21 water moccasins
  3 acid dragons
  4 orc warriors
  A swamp drake (Lair:3)
  An ice beast (D:6)
  2 black bears
  2 ogres
  A sky beast (D:7)
  19 wolves
  A phantom (D:7)
  3 centaurs
  6 kobold brigands
  18 bullfrogs
  A gnoll sergeant (D:7)
  4 scorpions
  6 small abominations (Lair:5)
  19 wights
  13 killer bees (D:11)
  A vampire bat (D:11)
  An electric eel (D:9)
  5 howler monkeys
  4 hounds
  2 jellies (Sewer)
  6 orc priests
  A gnoll bouda (D:10)
  A sleepcap (D:7)
  3 iguanas
  14 orc wizards
  14 gnolls
  5 adders
  2 river rats (Sewer)
  3 shadow imps
  4 worms
  3 dart slugs
  23 orcs
  10 ball pythons
  14 endoplasms
  8 giant cockroaches
  10 goblins
  3 hobgoblins
  6 jackals
  8 quokkas
  14 bats
  10 frilled lizards
  12 kobolds
  9 rats
  A butterfly (Lair:2)
531 creatures vanquished.

Vanquished Creatures (collateral kills)
  An ugly thing (D:12)
  A deep elf pyromancer (D:12)
  4 killer bees (D:11)
  An orc wizard (D:6)
  An orc (D:6)
8 creatures vanquished.

Vanquished Creatures (others)
  An azure jelly (Lair:5)
  2 death yaks (Lair:5)
  A kobold demonologist (D:12)
  A polar bear (shapeshifter) (Lair:5)
  2 slime creatures
  A vampire (D:12)
  A wyvern (Lair:4)
  2 vampire mosquitoes (D:12)
  2 water moccasins
  An orc warrior (D:9)
  3 wolves (Lair:3)
  A centaur (D:11)
  A kobold brigand (D:11)
  60 jellies
  A bullfrog (Lair:1)
  2 wights (D:9)
  A howler monkey (D:9)
  An orc priest (D:7)
  Ijyb (D:4)
  7 orcs
  An endoplasm (Lair:4)
  2 goblins (D:4)
  A hobgoblin (D:4)
  2 quokkas (D:4)
  A ball python (D:4)
  3 kobolds
  2 butterflies (Lair:1)
104 creatures vanquished.

Grand Total: 643 creatures vanquished

Notes
Turn   | Place    | Note
-------+----------+-------------------------------------------
     0 | D:1      | benadryl the Draconian Shapeshifter began the quest for the
                  | Orb.
     0 | D:1      | Reached XP level 1. HP: 16/16 MP: 1/1
   181 | D:1      | Reached XP level 2. HP: 21/23 MP: 2/2
   553 | D:1      | Reached XP level 3. HP: 28/29 MP: 3/3
  1218 | D:2      | Reached XP level 4. HP: 20/37 MP: 4/4
  1372 | D:2      | Found Hocrebuv's Assorted Antiques.
  1847 | D:3      | Found a glowing drain.
  1944 | Sewer    | Entered a sewer
  2172 | Sewer    | Reached skill level 5 in Unarmed Combat
  2172 | Sewer    | Reached XP level 5. HP: 36/45 MP: 5/5
  2432 | Sewer    | Found a viscous altar of Jiyva.
  2462 | Sewer    | Became a worshipper of Jiyva Jafuw the Shapeless
  2820 | D:3      | Found a radiant altar of Vehumet.
  2827 | D:3      | Found a burning altar of Makhleb.
  2834 | D:3      | Found a hazy altar of Hepliaklqana.
  2834 | D:3      | Found an ancient bone altar of Kikubaaqudgha.
  2841 | D:3      | Found a snail-covered altar of Cheibriados.
  3256 | D:4      | Noticed Ijyb
  3267 | D:4      | Killed Ijyb
  3396 | D:4      | Reached XP level 6. HP: 35/52 MP: 6/6
  3612 | D:4      | Reached * piety under Jiyva
  4025 | D:4      | Noticed Shayle's ghost (novice GnSh)
  4053 | D:4      | Found a runed translucent gate.
  4053 | D:4      | Found a runed translucent gate.
  4053 | D:4      | Found a runed translucent gate.
  4078 | D:4      | Noticed an ice beast
  4332 | D:5      | Entered Level 5 of the Dungeon
  4486 | D:5      | Reached ** piety under Jiyva
  4542 | D:5      | Noticed a water moccasin
  4544 | D:5      | Noticed Eustachio
  4557 | D:5      | Killed a water moccasin
  4558 | D:5      | Your scales start taking on an icy white colour.
  4558 | D:5      | Reached XP level 7. HP: 55/60 MP: 7/7
  4558 | D:5      | Gained mutation: Your flesh is cold resistant. (rC+) [White
                  | Draconian growth]
  4565 | D:5      | Killed Eustachio
  4566 | D:5      | Reached skill level 4 in Shapeshifting
  4664 | D:5      | Noticed Sigmund
  4683 | D:5      | Killed Sigmund
  4684 | D:5      | Reached skill level 5 in Shapeshifting
  4781 | D:5      | Reached XP level 8. HP: 67/67 MP: 8/8
  4998 | D:6      | Found an ornate altar of the Wu Jian Council.
  5032 | D:6      | Reached *** piety under Jiyva
  5168 | D:6      | Found a sparkling altar of Nemelex Xobeh.
  5178 | D:6      | Reached skill level 6 in Shapeshifting
  5226 | D:6      | Found a hide-covered altar of Uskayaw.
  5269 | D:6      | Found a staircase to the Ecumenical Temple.
  5486 | D:6      | Reached skill level 7 in Shapeshifting
  5496 | D:6      | Gained mutation: Your natural rate of healing is unusually
                  | fast. [Jiyva's grace]
  5496 | D:6      | Gained mutation: You heal very quickly. [Jiyva's grace]
  5496 | D:6      | Gained mutation: You regenerate. [Jiyva's grace]
  5496 | D:6      | Gained mutation: You have acidic saliva. [Jiyva's grace]
  5698 | D:7      | Killed a slime creature
  5748 | D:7      | Found an opulent altar of Gozag.
  5755 | D:7      | Reached skill level 8 in Shapeshifting
  5806 | D:7      | Reached XP level 9. HP: 65/72 MP: 9/9
  5904 | D:7      | Reached **** piety under Jiyva
  5943 | D:7      | Reached skill level 9 in Shapeshifting
  5960 | D:7      | Found a runed translucent door.
  5963 | D:7      | Found a runed translucent door.
  5963 | D:7      | Noticed a troll
  6067 | D:7      | Reached skill level 10 in Shapeshifting
  6105 | D:7      | Found a runed translucent door.
  6105 | D:7      | Noticed a cyan ugly thing
  6106 | D:7      | Found a runed translucent door.
  6106 | D:7      | Noticed a two-headed ogre
  6107 | D:7      | Noticed a two-headed ogre
  6107 | D:7      | Found a runed translucent door.
  6107 | D:7      | Identified the +0 battleaxe "Hezenal" {heavy, rC+ Str+3
                  | Dex+3}
  6108 | D:7      | Identified the +8 dagger of the Usurping Gods {freeze,
                  | Str+2}
  6328 | D:7      | Found a sacrificial altar of Ru.
  6449 | D:8      | Noticed a purple ugly thing
  6467 | D:8      | Killed a purple ugly thing
  6477 | D:8      | Reached XP level 10. HP: 76/80 MP: 10/10
  6522 | D:8      | Reached skill level 11 in Shapeshifting
  6547 | D:8      | Found a transporter.
  6548 | D:8      | Noticed worthlessgem's ghost (novice BaSh)
  6701 | D:8      | Found Ceipt's General Store.
  6707 | D:8      | Reached ***** piety under Jiyva
  6800 | D:8      | Found a transporter.
  6803 | D:8      | Found the +5 demon whip "Spellbinder" {antimagic, disrupt,
                  | Will+}
  7133 | D:9      | Reached skill level 5 in Fighting
  7173 | D:9      | Lost mutation: You regenerate. [Jiyva's grace]
  7173 | D:9      | Lost mutation: You heal very quickly. [Jiyva's grace]
  7173 | D:9      | Gained mutation: You have a small jelly attached to you
                  | that senses nearby items. [Jiyva's grace]
  7173 | D:9      | Gained mutation: Your system is resistant to poisons.
                  | (rPois) [Jiyva's grace]
  7173 | D:9      | Gained mutation: You are agile. (Dex +4, Str/Int -1)
                  | [Jiyva's grace]
  7173 | D:9      | Gained mutation: You are very agile. (Dex +8, Str/Int -2)
                  | [Jiyva's grace]
  7574 | D:9      | Found a shimmering blue altar of Sif Muna.
  7793 | D:10     | Entered Level 10 of the Dungeon
  7793 | D:10     | Noticed a fire crab
  7804 | D:10     | Killed a fire crab
  7832 | D:10     | Found a staircase to the Lair.
  7900 | D:10     | Found a broken altar of Ashenzari.
  8030 | D:10     | Found a blossoming altar of Fedhas.
  8067 | D:10     | Reached XP level 11. HP: 67/92 MP: 11/11
  8147 | D:10     | Found a staircase to the Orcish Mines.
  8366 | D:10     | Found a shimmering altar of Xom.
  8550 | D:11     | Reached skill level 10 in Unarmed Combat
  8765 | D:11     | Found Qaicvax's Magic Scroll Shop.
  8767 | D:11     | Reached ****** piety under Jiyva
  8776 | D:11     | Bought a scroll of teleportation for 36 gold pieces
  8776 | D:11     | Bought a scroll of blinking for 90 gold pieces
  8776 | D:11     | Bought a scroll of teleportation for 36 gold pieces
  8776 | D:11     | Bought a scroll of blinking for 90 gold pieces
  9260 | D:11     | Noticed a boulder beetle
  9274 | D:11     | Killed a boulder beetle
  9291 | D:11     | Lost mutation: Your system is resistant to poisons. (rPois)
                  | [Jiyva's grace]
  9291 | D:11     | Lost mutation: You have a small jelly attached to you that
                  | senses nearby items. [Jiyva's grace]
  9291 | D:11     | Gained mutation: Your body has grown eyes which may confuse
                  | attackers. (Acc +3) [Jiyva's grace]
  9291 | D:11     | Gained mutation: Your body has grown many eyes which may
                  | confuse attackers. (Acc +5) [Jiyva's grace]
  9291 | D:11     | Gained mutation: Your body is covered in eyes which may
                  | confuse attackers. (Acc +7, SInv) [Jiyva's grace]
  9291 | D:11     | Gained mutation: Your rubbery body absorbs attacks. (AC +1,
                  | EV +1) [Jiyva's grace]
  9573 | D:12     | Noticed a boulder beetle
  9588 | D:12     | Killed a boulder beetle
  9662 | D:12     | Noticed a deep elf pyromancer
  9663 | D:12     | Noticed a red ugly thing
  9670 | D:12     | Killed a deep elf pyromancer
  9674 | D:12     | Killed a red ugly thing
  9880 | D:12     | Noticed a white ugly thing
  9886 | D:12     | Killed a white ugly thing
  9887 | D:12     | Reached XP level 12. HP: 106/106 MP: 12/12
 10177 | D:13     | Noticed a boulder beetle
 10186 | D:13     | Killed a boulder beetle
 10187 | D:13     | Identified the +7 mace "Dragonslayer" {protect, rC+}
 10300 | Lair:1   | Entered Level 1 of the Lair of Beasts
 10311 | Lair:1   | Reached skill level 10 in Fighting
 10447 | Lair:1   | Noticed Gastronok
 10467 | Lair:1   | Killed Gastronok
 10632 | Lair:1   | Lost mutation: Your body is covered in eyes which may
                  | confuse attackers. (Acc +7, SInv) [Jiyva's grace]
 10632 | Lair:1   | Lost mutation: Your body has grown many eyes which may
                  | confuse attackers. (Acc +5) [Jiyva's grace]
 10632 | Lair:1   | Gained mutation: Your system is resistant to poisons.
                  | (rPois) [Jiyva's grace]
 10632 | Lair:1   | Gained mutation: You are strong-willed. (Will+) [Jiyva's
                  | grace]
 10632 | Lair:1   | Gained mutation: You are highly strong-willed. (Will++)
                  | [Jiyva's grace]
 10632 | Lair:1   | Gained mutation: You are extremely strong-willed. (Will+++)
                  | [Jiyva's grace]
 10753 | Lair:1   | Noticed Erica
 10760 | Lair:1   | Killed Erica
 11293 | Lair:2   | Noticed a six-headed hydra
 11525 | Lair:2   | Reached XP level 13. HP: 116/116 MP: 13/13
 11548 | Lair:2   | Reached skill level 12 in Shapeshifting
 11563 | Lair:2   | Found a staircase to the Snake Pit.
 12212 | Lair:2   | Lost mutation: You are very agile. (Dex +8, Str/Int -2)
                  | [Jiyva's grace]
 12212 | Lair:2   | Lost mutation: Your body has grown eyes which may confuse
                  | attackers. (Acc +3) [Jiyva's grace]
 12212 | Lair:2   | Gained mutation: You are robust. (+10% HP) [Jiyva's grace]
 12212 | Lair:2   | Gained mutation: You are very robust. (+20% HP) [Jiyva's
                  | grace]
 12212 | Lair:2   | Gained mutation: You are extremely robust. (+30% HP)
                  | [Jiyva's grace]
 12212 | Lair:2   | Gained mutation: You are somewhat resistant to further
                  | mutation. [Jiyva's grace]
 12610 | Lair:3   | Reached skill level 13 in Shapeshifting
 12830 | Lair:3   | Found a staircase to the Swamp.
 13456 | Lair:4   | Reached skill level 14 in Shapeshifting
 13491 | Lair:4   | Lost mutation: You are extremely strong-willed. (Will+++)
                  | [Jiyva's grace]
 13491 | Lair:4   | Lost mutation: You are extremely robust. (+30% HP) [Jiyva's
                  | grace]
 13491 | Lair:4   | Gained mutation: Your spells are a little harder to cast,
                  | but a little more powerful. [Jiyva's grace]
 13491 | Lair:4   | Gained mutation: Your spells are harder to cast, but more
                  | powerful. [Jiyva's grace]
 13491 | Lair:4   | Gained mutation: Your spells are much harder to cast, but
                  | much more powerful. [Jiyva's grace]
 13491 | Lair:4   | Gained mutation: You have a small jelly attached to you
                  | that senses nearby items. [Jiyva's grace]
 13659 | Lair:4   | Reached XP level 14. HP: 148/148 MP: 14/14
 13807 | Lair:4   | Reached skill level 5 in Dodging
 13987 | Lair:4   | Noticed bakla's ghost (journeyman DsSh)
 14007 | Lair:4   | Found a staircase to the Slime Pits.
 14007 | Lair:4   | Found a viscous altar of Jiyva.
 14025 | Lair:4   | Identified the +3 buckler of Noimyujo {rC+ Regen+ Int-4}
 14169 | Slime:1  | Entered Level 1 of the Pits of Slime
 14175 | Slime:1  | Noticed an azure jelly
 14203 | Slime:1  | Noticed an acid blob
 14209 | Slime:1  | Noticed an acid blob
 14213 | Slime:1  | Noticed an acid blob
 14234 | Slime:3  | Noticed an acid blob
 14240 | Slime:4  | Noticed a formless jellyfish
 14240 | Slime:4  | Noticed a formless jellyfish
 14241 | Slime:4  | Noticed an acid blob
 14246 | Slime:5  | Entered Level 5 of the Pits of Slime
 14271 | Slime:5  | Noticed an acid blob
 14274 | Slime:5  | Noticed an azure jelly
 14284 | Slime:5  | Noticed a rockslime
 14289 | Slime:5  | Noticed a rockslime
 14324 | Slime:5  | Noticed a quicksilver ooze
 14383 | Slime:5  | Noticed a quicksilver ooze
 14391 | Slime:5  | Noticed an azure jelly
 14398 | Slime:5  | Noticed a rockslime
 14411 | Slime:5  | Noticed an azure jelly
 14440 | Slime:5  | Noticed an acid blob
 14452 | Slime:5  | Noticed a quicksilver ooze
 14482 | Slime:5  | Noticed an acid blob
 14482 | Slime:5  | Noticed the Royal Jelly
 14484 | Slime:5  | Found a viscous altar of Jiyva.
 14484 | Slime:5  | Noticed a rockslime
 14484 | Slime:5  | Noticed an acid blob
 14484 | Slime:5  | Noticed an azure jelly
 14484 | Slime:5  | Found the +4 consecrated labrys {holy, Valiant Fragile Fly
                  | SInv}
 14490 | Slime:5  | Identified the ring of the Neverending Knives {rC+ Will+
                  | Int+2 Dex+6}
 14496 | Slime:5  | Identified the +10 war axe of Xigec {flame, rC+}
 14516 | Slime:5  | Identified the ring "Igguz" {Wiz Dex+3 Slay+2}
 14522 | Slime:5  | Got the Almanac of Soot and the Icicle
 14535 | Slime:5  | Identified the ring "Joufaizy" {rPois Will+ MP+9}
 14541 | Slime:5  | Got a slimy rune of Zot
 14572 | Slime:5  | Identified the +4 hand axe of Wesched {speed, Fragile rF+++
                  | Dex+6 Stlth-}
 14661 | Slime:2  | Noticed an azure jelly
 14661 | Slime:2  | Noticed an azure jelly
 14734 | Lair:4   | Found a runed translucent gate.
 14734 | Lair:4   | Found a runed translucent gate.
 14734 | Lair:4   | Found a runed translucent gate.
 14941 | Lair:5   | Entered Level 5 of the Lair of Beasts
 14949 | Lair:5   | Reached skill level 15 in Shapeshifting
 15131 | Lair:5   | a death yak changed into an azure jelly
 15131 | Lair:5   | Noticed an azure jelly
 15135 | Lair:5   | Killed an azure jelly
 15260 | Lair:5   | Lost mutation: Your system is resistant to poisons. (rPois)
                  | [Jiyva's grace]
 15260 | Lair:5   | Lost mutation: Your natural rate of healing is unusually
                  | fast. [Jiyva's grace]
 15260 | Lair:5   | Lost mutation: You are very robust. (+20% HP) [Jiyva's
                  | grace]
 15260 | Lair:5   | Lost mutation: Your rubbery body absorbs attacks. (AC +1,
                  | EV +1) [Jiyva's grace]
 15260 | Lair:5   | Gained mutation: You are very robust. (+20% HP) [Jiyva's
                  | grace]
 15260 | Lair:5   | Gained mutation: You are extremely robust. (+30% HP)
                  | [Jiyva's grace]
 15260 | Lair:5   | Gained mutation: Your melee attacks may engulf your foes in
                  | ooze. [Jiyva's grace]
 15260 | Lair:5   | Gained mutation: Armour fits poorly on your pseudopods.
                  | [Jiyva's grace]
 15772 | Abyss:2  | Cast into level 2 of the Abyss (spriggan)
 15856 | Abyss:4  | Found a corrupted altar of Lugonu.
 15881 | Abyss:4  | HP: 1/193 [hell hog/fireball (28)]
 15882 | Abyss:4  | Slain by a thrashing horror

Illustrated notes

Levels and vault maps discovered:
D:1:      minmay_arrival_cross, layout_basic, nicolae_eternal_life
D:2:      layout_loops_ring, serial_aquarium, aquarium_bridge_square
          [aquarium_subvault_bridge, aquarium_subvault_balcony,
          aquarium_subvault_wall, aquarium_subvault_balcony],
          aquarium_bridge_straight [aquarium_subvault_bridge,
          aquarium_subvault_wall, aquarium_subvault_bridge,
          aquarium_subvault_wall], aquarium_window_1, aquarium_window_1,
          aquarium_window_1, aquarium_window_corner, aquarium_view_2c,
          aquarium_view_2c, aquarium_pool_five, serial_shops,
          nicolae_lakefront_shop, nicolae_grassy_gnolls
D:3:      layout_loops_ring, nicolae_overflow_hallway_of_the_gods,
          cheibrodos_sewer_entry_sluice
D:4:      kennysheep_goblin_castle, layout_loops_ring, gammafunk_ghost_icy,
          dreamdust_princess_corridor
D:5:      layout_gridville, uniq_sigmund, uniq_eustachio
D:6:      layout_basic, nzn_wu_jian_contemplation, lemuel_tele_altar,
          amcnicky_altar_gilded, minmay_temple_entry_junction
D:7:      minmay_the_grid_triangle_9x9_rhombus_full
          [minmay_the_grid_triangle_9x9_tough_junction,
          minmay_the_grid_triangle_9x9_dagger,
          minmay_the_grid_triangle_9x9_zippers_vertical,
          minmay_the_grid_triangle_9x9_shrine,
          minmay_the_grid_triangle_9x9_checkered,
          minmay_the_grid_triangle_9x9_fully_insulated_deathbox,
          minmay_the_grid_triangle_9x9_cache,
          minmay_the_grid_triangle_9x9_prize_insulated], layout_cave_pools,
          kennysheep_little_box, lemuel_coloured_pillars_altar,
          chequers_decorated_corner
D:8:      layout_basic, gammafunk_ghost_stat_death, serial_shops, shop
D:9:      layout_basic, led_sif_pool, serial_rivers,
          chequers_serial_rivers_micro_a, chequers_serial_rivers_micro_b,
          chequers_serial_rivers_small_b, chequers_serial_rivers_small_a,
          chequers_serial_rivers_marsh, chequers_serial_rivers_micro_e,
          minmay_hedge_maze, nicolae_lava_and_water
D:10:     layout_roguey, fedhas_altar_3, xom_teletrap_fun, kennysheep_mini,
          david_lair_generic, orc_david_3
D:11:     layout_long_grid, serial_shops, nicolae_shop_gibbet_a_chance,
          st_stairs_5, minmay_misc_feat_ornament, roderic_batcave, minivault_7
D:12:     layout_irregular_city
D:13:     layout_basic, david_vaults_2, minmay_increasing_density
Lair:1:   layout_hall_layers, serial_bayou_shore_b, lemuel_fruit_fields,
          uniq_erica, uniq_gastronok
Lair:2:   layout_cellular_growth, guppyfry_snake_entry_garden,
          nicolae_lair_grove_arrangements, beast_lair_carwin_7,
          lemuel_fruit_fields
Lair:3:   layout_small_grid, minmay_swamp_entry_reptiles
Lair:4:   nzn_winding_woodlands_large [nzn_winding_woodlands_5x5_open_star,
          nzn_winding_woodlands_5x15_crooked, nzn_winding_woodlands_5x5_cross,
          nzn_winding_woodlands_center_lodge,
          nzn_winding_woodlands_15x15_killbox,
          nzn_winding_woodlands_center_garden,
          nzn_winding_woodlands_5x5_checkerboard,
          nzn_winding_woodlands_5x15_pathside_ponds,
          nzn_winding_woodlands_5x5_perimeter], layout_gridlike,
          nicolae_slime_entry_slimehenge, maelrawn_ghost_gauntlet_escape,
          small_statue_intersection, chequers_serial_rivers_micro_b
Lair:5:   hellmonk_lair_end_abyssal_woods, layout_regular_city
Slime:1:  layout_caves
Slime:2:  layout_caves
Slime:3:  nicolae_slime_pool, layout_caves, nicolae_slime_getting_an_eyeful
Slime:4:  layout_caves
Slime:5:  slime_pit_nicolae_block_by_block
Abyss:4:  base:
D:10

Skill      XL: |  1  2  3  4  5  6  7  8  9 10 11 12 13 14 |
---------------+-------------------------------------------+-----
Fighting       | 2 3 4 7 9 11 | 11.4
Unarmed Combat | 4 5 6 9 12 14 | 14.7
Shapeshifting  | 5 8 10 11 14 15 | 15.7
Dodging        | 4 7 |  7.4

Action                     |  1- 3 |  4- 6 |  7- 9 | 10-12 | 13-15 || total
---------------------------+-------+-------+-------+-------+-------++-------
  Melee: Unarmed           |    95 |   218 |   244 |   503 |   533 ||  1593
         Tailslap          |     5 |    18 |    44 |     5 |       ||    72
         Punch             |     1 |     5 |       |       |       ||     6
         Bite              |       |       |    18 |     2 |       ||    20
         Constrict         |       |       |       |   105 |   111 ||   216
 Invoke: Oozemancy         |       |       |       |     1 |     2 ||     3
         Slimify           |       |       |       |       |     1 ||     1
Ability: Breathe Frost     |       |       |     2 |     1 |       ||     3
    Use: Scroll            |     6 |     5 |     6 |     6 |     4 ||    27
         Potion            |     2 |     4 |     2 |       |     4 ||    12
   Stab: Invisible         |     4 |     3 |     4 |       |       ||    11
         Sleeping          |     1 |     1 |     1 |     2 |     2 ||     7
 Armour: Skin              |    32 |    77 |   100 |   312 |   260 ||   781
  Dodge: Dodged            |    56 |   115 |    90 |   247 |   282 ||   790
  Block: Buckler           |       |    25 |    38 |     7 |       ||    70
   Form: Anaconda          |       |       |       |     1 |       ||     1

Table legend: (Time is in decaauts)
 A = Elapsed time spent in this place.
 B = Non-inter-level travel time spent in this place.
 C = Inter-level travel time spent in this place.
 D = Time resting spent in this place.
 E = Time spent auto-exploring this place.
 F = Levels seen in this place.
 G = Mean time per level.
                   A        B        C        D        E       F      G
               +--------+--------+--------+--------+--------+-----+--------+
         Total |  15645 |  15048 |    597 |   1443 |   9344 |  27 |  579.4 |
       Dungeon |   9628 |   9269 |    359 |    810 |   6438 |  13 |  740.6 |
          Lair |   4807 |   4650 |    157 |    331 |   2879 |   5 |  961.4 |
    Slime Pits |    497 |    416 |     81 |      0 |     27 |   5 |   99.4 |
         Abyss |     85 |     85 |      0 |      0 |      0 |   3 |   28.3 |
         Sewer |    626 |    626 |      0 |    302 |      0 |   1 |  626.0 |
               +--------+--------+--------+--------+--------+-----+--------+

Top non-repeatable levels by time:
     D:4: 1336 daAuts
  Lair:2: 1124 daAuts
    D:11: 1071 daAuts
  Lair:4: 1023 daAuts
  Lair:1: 1021 daAuts
     D:1: 895 daAuts
  Lair:3: 849 daAuts
     D:9: 790 daAuts
  Lair:5: 788 daAuts
     D:2: 771 daAuts
     D:3: 738 daAuts
     D:7: 730 daAuts
    D:12: 689 daAuts
     D:6: 679 daAuts
     D:5: 672 daAuts
